 Dungeon Crawl Stone Soup version 0.29.1-12-g30fa7ad0bf (webtiles) character file.

Game seed: 5733467185032044727

2419 ChadusMaximus the Fighter (level 9, -8/81 HPs)
             Began as a Minotaur Fighter on Dec 23, 2022.
             Was a Believer of Okawaru.
             Mangled by a boulder beetle (14 damage)
             ... on level 8 of the Dungeon.
             The game lasted 00:05:41 (6298 turns).

ChadusMaximus the Fighter (Minotaur Fighter)        Turns: 6298, Time: 00:05:41

Health: -8/81      AC: 17    Str: 26    XL:     9   Next: 24%
Magic:  8/10       EV: 10    Int:  5    God:    Okawaru [**....]
Gold:   467        SH:  7    Dex:  9    Spells: 8/8 levels left

rFire   + + .      SeeInvis .   p - +8 hammer of the Radish {flame, Contam rF++ rN++}
rCold   . . .      Faith    .   c - +0 buckler
rNeg    + + +      Spirit   .   I - +0 chain mail
rPois   .          Reflect  .   (helmet restricted)
rElec   .          Harm     .   D - +2 cloak
rCorr   .          Rampage  .   K - +0 pair of gloves
Will    .....                   (no boots)
Stlth   ..........              w - amulet of the acrobat
HPRegen 0.23/turn               y - ring of positive energy
MPRegen 0.12/turn               (no ring)

@: heroic
A: horns 2, retaliatory headbutt
a: Renounce Religion, Heroism


You were on level 8 of the Dungeon.
You worshipped Okawaru.
Okawaru was pleased with you.
You visited 1 branch of the dungeon, and saw 8 of its levels.

You collected 467 gold pieces.

Inventory:

Hand Weapons
 a - a +0 war axe
 n - the +7 hammer of Mandamus {drain, rCorr MP-9 Str+4 Int+6}
   (You found it on level 2 of the Dungeon)

   A truly terrible weapon, it drains the life of any living foe it strikes.
   Str:       It affects your strength (+4).
   Int:       It affects your intelligence (+6).
   MP:        It affects your magic capacity (-9).
   rCorr:     It protects you from acid and corrosion.
 p - the +8 hammer of the Radish (weapon) {flame, Contam rF++ rN++}
   (You found it on level 2 of the Dungeon)

   It burns those it strikes, dealing additional fire damage.
   rF:        It greatly protects you from fire.
   rN:        It greatly protects you from negative energy.
   Contam:    It causes magical contamination when unequipped.
Missiles
 M - 2 throwing nets (quivered)
Armour
 b - a +0 scale mail
 c - a +0 buckler (worn)
 C - a scarf of resistance
 D - a +2 cloak (worn)
 I - a +0 chain mail (worn)
 K - a +0 pair of gloves (worn)
Jewellery
 j - a ring of wizardry
 u - a ring of ice
 w - an amulet of the acrobat (around neck)
 y - a ring of positive energy (left hand)
 P - a +6 ring of intelligence
Wands
 o - a wand of polymorph (22)
 s - a wand of flame (8)
 x - a wand of paralysis (6)
 E - a wand of acid (6)
Scrolls
 e - 3 scrolls of teleportation {unknown}
 i - 8 scrolls of identify {unknown}
 k - a scroll of silence {unknown}
 l - 2 scrolls of amnesia {unknown}
 q - 2 scrolls of poison {unknown}
 r - 2 scrolls of noise {unknown}
 t - 2 scrolls of vulnerability {unknown}
 B - a scroll of magic mapping {unknown}
 G - 2 scrolls of immolation {unknown}
 L - a scroll of enchant armour {unknown}
 N - a scroll of fear {unknown}
 O - a scroll of fog {unknown}
 Q - a scroll of blinking {unknown}
Potions
 d - 4 potions of might
 f - a potion of ambrosia {unknown}
 g - 2 potions of heal wounds {unknown}
 h - 9 potions of curing {unknown}
 m - a potion of brilliance {unknown}
 v - a potion of invisibility {unknown}
 z - 2 potions of resistance {unknown}
 A - 3 potions of haste {unknown}
 F - 2 potions of lignification {unknown}
 H - a potion of cancellation {unknown}
 J - a potion of magic {unknown}


   Skills:
 + Level 8.1(13.1) Fighting
 + Level 7.4(12.4) Axes
 + Level 8.1(13.1) Armour
 + Level 8.1(13.1) Shields
 * Level 3.1 Invocations


You had 8 spell levels left.
You didn't know any spells.
Your spell library contained the following spells:

 Spells                   Type           Power      Damage    Failure   Level
 Foxfire                  Conj/Fire      0%         2x1d4     95%         1
 Magic Dart               Conj           0%         1d3       95%         1
 Conjure Flame            Conj/Fire      0%         6-21      100%        3
 Inner Flame              Hex/Fire       0%         N/A       100%        3
 Mephitic Cloud           Conj/Pois/Air  0%         N/A       100%        3
 Ozocubu's Armour         Ice            0%         N/A       100%        3
 Flame Wave               Conj/Fire      0%         2d4       100%        4
 Passage of Golubria      Tloc           0%         N/A       100%        4
 Metabolic Englaciation   Hex/Ice        0%         N/A       100%        5
 Call Imp                 Summ           Unusable   N/A       N/A         2
 Summon Ice Beast         Ice/Summ       Unusable   N/A       N/A         4
 Simulacrum               Ice/Necr       Unusable   N/A       N/A         6

Dungeon Overview and Level Annotations

Branches:
Dungeon (8/15)             Temple (0/1) D:7
   Lair: D:8-11

Altars:
Ashenzari
Okawaru
Vehumet
Wu Jian
Zin

Shops:
D:4 [[(   D:7 [


Innate Abilities, Weirdness & Mutations

You have a pair of horns on your head.
You reflexively headbutt those who attack you in melee.


Message History

An orc is nearby!
Unknown command.
You sock the orc! You burn the orc.
You kill the orc!
Okawaru accepts your kill.
A boulder beetle is nearby!
The boulder beetle curls into a ball and begins rolling!
Items here: )) [ ††.
Unknown command.
You hit the boulder beetle but do no damage.
The boulder beetle hits you!!
The boulder beetle stops rolling and uncurls.
You hit the boulder beetle but do no damage.
The boulder beetle bites you.
You barely miss the boulder beetle. The boulder beetle closely misses you.
You furiously retaliate!
You headbutt the boulder beetle, but do no damage.
The boulder beetle waves its antennae.
The boulder beetle bites you!!
* * * LOW HITPOINT WARNING * * *
Unknown command.
You gain the combat prowess of a mighty hero.
The boulder beetle bites you but does no damage.
You barely miss the boulder beetle.
You headbutt the boulder beetle, but do no damage.
The boulder beetle barely misses you.
You hit the boulder beetle. You burn the boulder beetle.
The boulder beetle is lightly wounded.
The boulder beetle bites you!!
* * * LOW HITPOINT WARNING * * *
You hit the boulder beetle. You burn the boulder beetle.
The boulder beetle is lightly wounded.
The boulder beetle bites you but does no damage.
You hit the boulder beetle but do no damage.
You headbutt the boulder beetle, but do no damage.
The boulder beetle is lightly wounded.
You hit the boulder beetle but do no damage.
The boulder beetle is lightly wounded.
The boulder beetle bites you!
You die...

≈≈≈≈≈≈≈≈....##.##
.......≈..####.###
.≈≈≈≈≈.≈.#####.#..
.§...≈.§.......#.#
.≈._.≈.≈...#####.#
.≈...≈.≈..## #.#
.≈.≈≈≈.§.## #.# ##
.......≈.# #B# ..
≈.≈§≈≈≈≈.#######@# .#
..............##.# .#
§.............##)##.#
..............##))..# #
#####...#####.####..#.##..
#...# #.# #).....?# #...#
#.# #.##.#### #...# #.#
##.# # ###...#
#.###.#......#


You could see a boulder beetle.

Vanquished Creatures
  A hornet (D:8)
  A wyvern (D:8)
  A water moccasin (D:8)
  2 black bears
  2 sky beasts
  2 centaurs (D:7)
  4 bullfrogs
  A kobold brigand (D:8)
  5 scorpions
  6 hounds
  3 gnoll boudas
  2 orc priests
  Ijyb (D:4)
  Crazy Yiuf (D:2)
  Jessica (D:2)
  3 orc wizards
  2 iguanas (D:5)
  6 adders
  13 gnolls
  A shadow imp (D:7)
  4 white imps
  6 worms
  3 dart slugs
  8 orcs
  4 endoplasms
  6 giant cockroaches
  3 goblins
  8 hobgoblins
  4 jackals (D:1)
  2 quokkas (D:1)
  5 ball pythons
  2 bats
  A frilled lizard (D:3)
  4 kobolds
  5 rats
123 creatures vanquished.

Notes
Turn   | Place    | Note
-------+----------+-------------------------------------------
     0 | D:1      | ChadusMaximus the Minotaur Fighter began the quest for the
                  | Orb.
     0 | D:1      | Reached XP level 1. HP: 19/19 MP: 0/0
   186 | D:1      | Reached XP level 2. HP: 26/27 MP: 1/1
   376 | D:1      | Got the Discourse on Polar Peregrination
   429 | D:2      | Found a runed translucent door.
   430 | D:2      | Noticed Crazy Yiuf
   431 | D:2      | Identified the +7 hammer of Mandamus {drain, rCorr MP-9
                  | Str+4 Int+6}
   436 | D:2      | Killed Crazy Yiuf
   437 | D:2      | Reached XP level 3. HP: 33/33 MP: 0/2
   439 | D:2      | Identified the +8 hammer of the Radish {flame, Contam rF++
                  | rN++}
  1007 | D:2      | Reached XP level 4. HP: 34/40 MP: 3/3
  1149 | D:2      | Noticed Jessica
  1157 | D:2      | Killed Jessica
  1393 | D:3      | Reached XP level 5. HP: 25/47 MP: 4/4
  1584 | D:3      | Found a faded altar of an unknown god.
  1998 | D:4      | Noticed Ijyb
  2002 | D:4      | Paralysed by Ijyb for 3 turns
  2016 | D:4      | Paralysed by Ijyb for 3 turns
  2019 | D:4      | Killed Ijyb
  2029 | D:4      | Noticed a black bear
  2039 | D:4      | Killed a black bear
  2040 | D:4      | Reached skill level 5 in Fighting
  2040 | D:4      | Reached skill level 5 in Armour
  2040 | D:4      | Reached skill level 5 in Shields
  2040 | D:4      | Reached XP level 6. HP: 9/56 MP: 5/5
  2377 | D:4      | Found Zaawaes's Antique Weapon Boutique.
  2415 | D:4      | Found an iron altar of Okawaru.
  2454 | D:4      | Found Heucri's Antique Armour Shop.
  2476 | D:4      | Became a worshipper of Warmaster Okawaru
  2503 | D:4      | Found Nusk's Armour Shop.
  3081 | D:3      | Found a radiant altar of Vehumet.
  3085 | D:3      | Reached XP level 7. HP: 62/62 MP: 6/6
  3400 | D:5      | Entered Level 5 of the Dungeon
  3429 | D:5      | Reached skill level 5 in Axes
  3461 | D:5      | Identified the +1 leather armour of Viny Creativity {-Tele
                  | rF+ Regen+}
  3506 | D:5      | Reached * piety under Okawaru
  3890 | D:5      | Found an ornate altar of the Wu Jian Council.
  4098 | D:5      | Reached XP level 8. HP: 62/71 MP: 7/7
  4399 | D:6      | Found a broken altar of Ashenzari.
  4776 | D:7      | Found Jofferph's Antique Armour Boutique.
  5029 | D:7      | Found a staircase to the Ecumenical Temple.
  5070 | D:7      | Reached ** piety under Okawaru
  5299 | D:7      | Reached skill level 1 in Invocations
  5433 | D:7      | Identified the +2 robe "Leafunum" {Rampage rF+ Will+ Int-4}
  5731 | D:8      | Reached XP level 9. HP: 68/81 MP: 9/9
  5802 | D:8      | Found a glowing silver altar of Zin.
  5864 | D:8      | Paralysed by a hornet for 3 turns
  6282 | D:8      | Noticed a boulder beetle
  6298 | D:8      | Mangled by a boulder beetle

Illustrated notes

Levels and vault maps discovered:
D:1:      scummos_arrival_checkerplants, layout_rooms
D:2:      layout_loops_ring, mrwooster_statue_mirror, hangedman_decor_growths,
          uniq_crazy_yiuf_cottage, uniq_jessica
D:3:      minmay_chambers_of_twos, layout_basic, vehumet_crystals,
          chequers_ecumenical_altar_twisty
D:4:      layout_basic, okawaru_gym_becter, serial_shops,
          nicolae_shop_hallway_stairs, nicolae_diamond_shop, shop, uniq_ijyb
D:5:      layout_cave_pools, mainiacjoe_overflow_boulevard
D:6:      layout_cave_pools, evilmike_ruin_ashenzari, st_stairs_6,
          kennysheep_cluttered_room
D:7:      layout_basic, minmay_temple_entry_offerings, serial_shops,
          nicolae_square_shop
D:8:      layout_loops_cross, mainiacjoe_overflow_concentric_impassable,
          kennysheep_minor_cross, st_stairs_2

Skill      XL: |  1  2  3  4  5  6  7  8  9 |
---------------+----------------------------+-----
Fighting       | 4 5 6 7 8 |  8.1
Axes           | 3 4 5 7 |  7.4
Armour         | 4 5 6 7 8 |  8.1
Shields        | 4 5 6 7 8 |  8.1
Invocations    | 2 3 |  3.1

Action                   |  1- 3 |  4- 6 |  7- 9 || total
-------------------------+-------+-------+-------++-------
Melee: War axe           |    25 |       |       ||    25
       Headbutt          |     4 |     5 |    26 ||    35
       Mace              |    19 |    76 |   181 ||   276
Invok: Heroism           |       |       |     2 ||     2
Armor: Scale mail        |    21 |    23 |    23 ||    67
       Chain mail        |       |       |    87 ||    87
Dodge: Dodged            |    22 |    27 |   115 ||   164
Block: Buckler           |     8 |    11 |    54 ||    73
